 Dungeon Crawl Stone Soup version 0.29.1-13-g9f3cf754e1 (webtiles) character file.

Game seed: 1441416375218796089

0 Oxelix the Magician (level 1, 0/15 HPs)
             Began as a Djinni Fire Elementalist on Jan 22, 2023.
             Slain by a jackal (1 damage)
             ... on level 1 of the Dungeon.
             The game lasted 00:00:19 (51 turns).

Oxelix the Magician (Djinni Fire Elementalist)        Turns: 51, Time: 00:00:20

Health: 0/15       AC:  2    Str:  7    XL:     1   Next: 11%
Gold:   0          EV: 12    Int: 16    God:
                   SH:  0    Dex: 13

rFire   + + .      SeeInvis .   (no weapon)
rCold   x . .      Faith    .   (no shield)
rNeg    . . .      Spirit   .   a - +0 robe
rPois   ∞          Reflect  .   (no helmet)
rElec   .          Harm     .   (no cloak)
rCorr   .          Rampage  .   (no gloves)
Will    .....                   (boots unavailable)
Stlth   ++........              (no amulet)
HPRegen 0.05/turn               (no ring)
MPRegen 0.00/turn               (no ring)

@: flying
A: sickness immunity, fire resistance 2, cold vulnerability 1, float, innate
caster, HP casting, extra vitality 1
a: no special abilities


You were on level 1 of the Dungeon.
You visited 1 branch of the dungeon, and saw 1 of its levels.

Inventory:

Armour
 a - a +0 robe (worn)


   Skills:
 + Level 0.1 Fighting
 - Level 2.1 Dodging
 - Level 1.5 Stealth
 + Level 2.4 Spellcasting


You couldn't memorise any spells.
You knew the following spells:

 Your Spells              Type           Power      Damage    Failure   Level
a - Foxfire               Conj/Fire      36%        2x1d5     8%          1
b - Scorch                Fire           18%        2d5       11%         2
c - Conjure Flame         Conj/Fire      9%         6-21      22%         3
d - Inner Flame           Hex/Fire       9%         N/A       22%         3
e - Flame Wave            Conj/Fire      9%         2d6       58%         4
Your spell library was empty.

Dungeon Overview and Level Annotations

Branches:
Dungeon (1/15)

Altars:


Innate Abilities, Weirdness & Mutations

You are immune to sickness and miasma.
You are immune to poison.
Your flesh is very heat resistant. (rF++)
You are vulnerable to cold. (rC-)
You float through the air rather than walking.
You learn spells naturally, not from books.
Your magical power is your life essence.
You have superior vitality. (+4 MHP)


Message History

The jackal is heavily wounded.
You conjure some foxfire!
The jackal bites you.
You conjure some foxfire!
The foxfire hits the jackal.
The jackal is heavily wounded.
The foxfire hits the jackal but does no damage.
The jackal is heavily wounded.
The jackal closely misses you.
The jackal bites you but does no damage.
You conjure some foxfire!
The foxfire hits the jackal.
The jackal is heavily wounded.
The foxfire hits the jackal.
The jackal is severely wounded.
The jackal bites you but does no damage.
The jackal barely misses you.
The foxfire hits the jackal but does no damage.
The jackal is heavily wounded.
The jackal bites you but does no damage.
You conjure some foxfire!
The foxfire hits the jackal but does no damage.
The jackal is heavily wounded.
The jackal closely misses you. x2
You conjure some foxfire!
The foxfire hits the jackal.
The jackal is severely wounded.
The foxfire hits the jackal.
The jackal is heavily wounded.
The jackal bites you but does no damage.
The jackal bites you. x3
* * * LOW HITPOINT WARNING * * *
The jackal closely misses you. The jackal misses you.
You are too injured to fight recklessly!
Casting: Foxfire (safe; 8% risk of failure)
Confirm with . or Enter, or press ? or * to list all spells.
You conjure some foxfire!
* * * LOW HITPOINT WARNING * * *
The foxfire hits the jackal.
You kill the jackal!
The jackal bites you.
* * * LOW HITPOINT WARNING * * *
The jackal bites you.
You die...

########### ..........
.........# ..hh.....###
h........#.. #'##.#
#######.##.#
......hh##.############
#####.v@....)..........
#.#v...####'###+###
#.#.#######.....####
....# #...#.....#...
.)>..# #.8.+..⌠..'.<.
#.....# #...#.....#...
#...... #####.....####
####### ###'### #...#


You could see 2 jackals.

Vanquished Creatures
  A jackal (D:1)
  A rat (D:1)
2 creatures vanquished.

Vanquished Creatures (others)
  12 foxfires (D:1)
12 creatures vanquished.

Grand Total: 14 creatures vanquished

Notes
Turn   | Place    | Note
-------+----------+-------------------------------------------
     0 | D:1      | Oxelix the Djinni Fire Elementalist began the quest for the
                  | Orb.
     0 | D:1      | Oxelix set off with the following spells memorised:
                  | Foxfire, Scorch, Conjure Flame, Inner Flame, Flame Wave.
     0 | D:1      | Reached XP level 1. HP: 15/15 MP: 0/0
    51 | D:1      | Slain by a jackal

Illustrated notes

Levels and vault maps discovered:
D:1:      minmay_arrival_stair_chambers, layout_basic,
          hellmonk_ecumenical_altar_run_dry, minmay_split_cup_small

Action                   || total
-------------------------++-------
 Cast: Foxfire           ||     8
Armor: Robe              ||     4
Dodge: Dodged            ||     6
